 Dungeon Crawl Stone Soup version 0.17-a0-1393-gcb420ff (webtiles) character file.

423229 nuthulu the Impregnable (level 23, -18/156 HPs)
             Began as a Gargoyle Fighter on June 16, 2015.
             Was the Champion of Okawaru.
             Demolished by an ettin
             ... wielding a +0 dire flail
              (26 damage)
             ... on level 5 of the Vaults.
             The game lasted 04:07:09 (65501 turns).

nuthulu the Impregnable (Gargoyle Fighter)         Turns: 65501, Time: 04:07:09

Health: -18/156    AC: 66    Str: 28    XL:     23   Next: 75%
Magic:  32/32      EV: 19    Int: 13    God:    Okawaru [******]
Gold:   3106       SH: 22    Dex: 16    Spells: 0 memorised, 22 levels left

rFire  + + +     SeeInvis .     N - +7 eveningstar (holy)
rCold  + + +     Clarity  .     z - +3 gold dragon armour
rNeg   + + .     SustAt   .     c - +3 shield {reflect}
rPois  ∞         Gourm    .     v - +2 helmet {Int+3}
rElec  +         Spirit   .     m - +5 cloak "Deatsair" {rPois rC++}
rCorr  +         Warding  +     f - +2 pair of gloves {Dex+3}
rMut   .         Stasis   .     P - +0 pair of boots
MR     ++...                    j - amulet of warding
Stlth  ..........               r - ring of Cynoal {rF+ MP+9 Dex+3}
                                p - ring of protection from magic

@: resistant, heroism, very slightly contaminated, hasted, very quick, very
resistant to hostile enchantments, extremely unstealthy
A: big wings, large bone plates 1, negative energy resistance 1, electricity
resistance, unbreathing, petrification resistance, rot immunity, AC +17
a: Fly, Heroism, Finesse, Renounce Religion
}: 2/15 runes: decaying, serpentine


You were on level 5 of the Vaults.
You worshipped Okawaru.
Okawaru was exalted by your worship.
You were not hungry.

You visited 9 branches of the dungeon, and saw 46 of its levels.
You also visited: Sewer, Ice Cave and Volcano.

You collected 4647 gold pieces.
You spent 1541 gold pieces at shops.

Inventory:

Hand weapons
 D - a +1 demon whip of venom
 N - a +7 eveningstar of holy wrath (weapon)
Armour
 c - a +3 shield of reflection (worn)
 f - a +2 pair of gloves of dexterity (worn)
 m - the +5 cloak "Deatsair" (worn) {rPois rC++}
   (Okawaru gifted it to you on level 14 of the Dungeon)

   It greatly protects you from cold.
   It protects you from poison.
 v - a +2 helmet of intelligence (worn)
 z - a +3 gold dragon armour (worn)
 P - a +0 pair of boots (worn)
Jewellery
 j - an amulet of warding (around neck)
 p - a ring of protection from magic (left hand)
 r - the ring of Cynoal (right hand) {rF+ MP+9 Dex+3}
   (You took it off a vampire knight on level 2 of the Depths)

   [ring of magical power]

   It affects your dexterity (+3).
   It protects you from fire.
   It affects your magic capacity (+9).
 w - the ring of Shadows {Umbra +Inv rN+ SInv}
   (You found it on level 8 of the Lair of Beasts)

   [ring of invisibility]

   It protects you from negative energy.
   It lets you see invisible.
   It lets you turn invisible.
 x - a +4 ring of protection
 y - an uncursed amulet of regeneration
 A - a +5 ring of evasion
 B - an uncursed amulet of stasis
 C - an uncursed ring of sustain attributes
 L - an uncursed ring of wizardry
 M - an uncursed ring of protection from fire
 Q - an uncursed amulet of resist mutation
 S - the ring of Gamack {rN+ Dex+3}
   (You found it on level 2 of the Depths)

   [ring of positive energy]

   It affects your dexterity (+3).
   It protects you from negative energy.
 V - an uncursed amulet of resist corrosion
Magical devices
 O - a wand of digging (22)
 R - a wand of slowing (14)
 T - a wand of teleportation (9)
 X - a wand of paralysis (13)
Scrolls
 g - 2 scrolls of fog
 h - 18 scrolls of remove curse
 k - 15 scrolls of identify
 l - 5 scrolls of fear
 s - 3 scrolls of teleportation
 G - 9 scrolls of blinking
 U - 10 scrolls of recharging
 W - 5 scrolls of magic mapping
 Z - a scroll of amnesia
Potions
 a - a potion of berserk rage
 i - 5 potions of magic
 n - 6 potions of brilliance
 q - a potion of might
 t - a potion of resistance
 u - 2 potions of haste
 E - 3 potions of cure mutation
 H - a potion of cancellation
 J - 4 potions of agility
 K - 6 potions of curing
Books
 b - a book of Cantrips

   Spells                             Type                      Level
   a - Corona                         Hexes                        1
   b - Animate Skeleton               Necromancy                   1
   c - Summon Small Mammal            Summoning                    1
   d - Apportation                    Translocation                1
 d - a book of Air

   Spells                             Type                      Level
   a - Shock                          Conjuration/Air              1
   b - Swiftness                      Charms/Air                   2
   c - Repel Missiles                 Charms/Air                   2
   d - Static Discharge               Conjuration/Air              3
   e - Lightning Bolt                 Conjuration/Air              5
 Y - a book of Summonings

   Spells                             Type                      Level
   a - Recall                         Summoning/Translocation      3
   b - Aura of Abjuration             Summoning                    5
   c - Shadow Creatures               Summoning                    5
   d - Summon Demon                   Summoning                    5
   e - Summon Forest                  Summoning/Translocation      5
   f - Summon Mana Viper              Hexes/Summoning              5
Comestibles
 e - 11 bread rations
 o - 8 meat rations
 I - 11 fruits


   Skills:
 - Level 20.1(25.1) Fighting
 - Level 17.5(22.5) Maces & Flails
 - Level 23.0(27) Armour
 + Level 15.6(20.6) Dodging
 - Level 16.1(21.1) Shields


You had 22 spell levels left.
You didn't know any spells.

Dungeon Overview and Level Annotations

Branches:
Dungeon (15/15)            Temple (1/1) D:6            Lair (8/8) D:9
  Swamp (4/4) Lair:5        Snake (4/4) Lair:6        Slime (0/6) Lair:8
    Orc (4/4) D:10            Elf (3/3) Orc:3        Vaults (5/5) D:13
  Crypt (0/3) Vaults:3     Depths (2/5) D:15

Altars:
Ashenzari
Fedhas
Gozag
Kikubaaqudgha
Makhleb
Okawaru
Qazlal
Xom
Yredelemnul
Zin
The Shining One
Beogh
Jiyva

Shops:
D:4 (   D:5 %(}   D:12 ?   D:14 =   Orc:4 *:[??   Vaults:2 *   Vaults:4 (
Depths:2 (:

Portals:
Hell: Depths:1 Depths:2
Pandemonium: Orc:4
Trove: D:11 (give +5 fire dragon armour)

Annotations:
Lair:8 1 runed door


Innate Abilities, Weirdness & Mutations

You are resistant to torment.
Your stone body is resilient (AC +17).
You are immune to poison.
Your large and strong wings let you fly indefinitely.
You resist negative energy.
You are resistant to electric shocks.
You can survive without breathing.
You are immune to petrification.
You are immune to rotting.
You are partially covered in large bone plates (AC +2, SH +2).


Message History

The ogre mage seems to grow stronger.
You block the vault sentinel's attack.
The ogre mage hits you but does no damage.
Items here: $ ( )))))) = ? [[[[[[[ †† You hit the vault sentinel.
The vault sentinel is lightly wounded.
You perforate the vault sentinel like a sieve!!!
You kill the vault sentinel!
Okawaru accepts your kill.
You perforate the orc warrior like a sieve!!!
You kill the orc warrior!
Okawaru accepts your kill. The ettin closely misses you.
You block the ettin's attack. You block the ogre mage's attack.
Items here: $ ))) [[[[ †† You pound the ettin like an anvil!!!
The ettin is heavily wounded.
The ettin hits you with a dire flail!!!
* * * LOW HITPOINT WARNING * * *
The ettin hits you with a dire flail!!
You die...

#§§#...,,,.#*,**,**,**
#§§#...**..#,,**,**,,*
#§C#..##op#*,#**,***,*
#.p#.(...#*.C#,#,*,*,,
#..#.)####..#*.#,*,**,
#..#.C(...(#*..#,*,,**
#..#OOp..###..#*,**,,*
#(.#.C####...####***,,
#..#.@)().........,,,,
#..)))()))........,,,,
#...)#################
#..............p.Dp.p.
#...)........p.§.Op.p.
#..............G......
#.....(...........W...
#....#################
#...%.,,,,,,,,,,,,,,,,


You could see a stone giant, an ettin, an ogre mage, an ironbrand convoker and a
two-headed ogre.

Vanquished Creatures
  Sojobo (Vaults:4)
  Saint Roka (Depths:2)
  Vashnia (Snake:2)
  A golden dragon (Depths:2)
  Nikola (Depths:1)
  Jory (Vaults:4)
  2 liches
  A bone dragon (Swamp:4)
  Jorgrun (Vaults:3)
  3 tentacled monstrosities
  Rupert (D:13)
  3 titans
  Gastronok (D:8)
  2 thorn hunters (Swamp:4)
  A sphinx (Vaults:5)
  Agnes (Elf:1)
  An ancient champion (Depths:2)
  4 tengu reavers
  3 storm dragons
  A shadow dragon (Vaults:5)
  12 greater nagas
  Roxanne (D:15)
  5 fire giants
  A revenant (Vaults:3)
  Donald (Swamp:4)
  Maud (Lair:4)
  9 vault wardens
  4 frost giants
  Aizul (Snake:1)
  An orc warlord (Vaults:2)
  13 ironheart preservers
  6 very ugly things
  15 stone giants
  2 vampire knights (Depths:2)
  A deep elf annihilator (Depths:2)
  A crystal guardian (Vaults:3)
  5 ettins
  A deep elf death mage (Vaults:5)
  13 yaktaur captains
  5 fire dragons
  10 great orbs of eyes
  17 vault guards
  Harold (D:11)
  4 rakshasas
  19 naga warriors
  7 ice dragons
  20 hydras
  An entropy weaver (Depths:1)
  Erolcha (D:12)
  A ghost crab (Swamp:3)
  10 ogre magi
  Erica (D:8)
  A death knight (Depths:2)
  10 anacondas
  3 salamander stormcallers
  12 alligators
  4 deep troll shamans
  16 dancing weapons (Elf:2)
  A merfolk aquamancer (Depths:2)
  A catoblepas (Lair:8)
  7 centaur warriors
  2 tengu warriors
  3 deep troll earth magi
  15 death yaks
  5 orc high priests
  3 spriggan berserkers
  2 vampire magi (Vaults:3)
  15 deep elf knights
  22 naga sharpshooters
  7 shock serpents
  Sonja (D:15)
  12 spriggans
  Nergalle (D:10)
  A small abomination (Elf:1)
  3 hell knights
  8 skeletal warriors
  4 iron trolls (Depths:2)
  A death drake (Swamp:4)
  A torturous demonspawn (Orc:4)
  The ghost of HEYYEYAAE the Gusty, an experienced HuAE of Vehumet (D:6)
  4 salamander mystics
  3 flayed ghosts
  2 spriggan druids (Swamp:4)
  7 wizards
  18 deep trolls
  7 deep elf summoners
  9 naga ritualists
  A spectral hydra (Swamp:4)
  3 giant orange brains
  A swamp dragon (Swamp:1)
  9 mana vipers
  2 hill giants (shapeshifter)
  A putrid demonspawn (Orc:4)
  7 hill giants
  5 phantasmal warriors
  A gelid demonspawn (Orc:4)
  6 harpies
  5 necromancers
  10 orc sorcerers
  An infernal demonspawn (Orc:4)
  14 ironbrand convokers
  A stone giant zombie (Depths:1)
  A faun (shapeshifter) (Elf:1)
  18 orc knights
  23 ugly things
  11 salamanders
  12 deep elf conjurers
  2 wolf spiders
  3 hornets
  A manticore (shapeshifter) (Depths:1)
  An oklob plant (Snake:1)
  A guardian serpent (Snake:4)
  3 cyclopes
  2 centaur zombies
  3 manticores
  17 elephants
  An elephant (shapeshifter) (Vaults:5)
  9 griffons
  35 black mambas
  15 spiny frogs
  A human skeleton (Vaults:4)
  21 naga magi
  8 vault sentinels
  A molten gargoyle (Volcano)
  2 torpor snails
  3 gargoyles
  An orange demon (Orc:4)
  A spiny frog (shapeshifter) (Elf:2)
  A swamp worm zombie (Swamp:4)
  A yaktaur zombie (Vaults:1)
  A kobold demonologist (Vaults:2)
  The ghost of DrClinical the Ruffian, an experienced GrMo (D:4)
  9 komodo dragons
  A troll (shapeshifter) (Vaults:3)
  2 red devils (Orc:4)
  A komodo dragon (shapeshifter) (Depths:1)
  2 fire drakes
  4 tengu conjurers
  5 freezing wraiths
  2 jumping spiders (shapeshifter)
  11 deep elf priests
  A two-headed ogre (shapeshifter) (Vaults:2)
  20 yaktaurs
  2 hydra zombies (Swamp:4)
  9 giant leeches
  2 hellwings (Orc:4)
  2 blue devils (Orc:4)
  A polar bear (shapeshifter) (Vaults:4)
  15 polar bears
  3 boulder beetles
  8 trolls
  7 bog bodies
  25 two-headed ogres
  31 slime creatures
  16 blink frogs
  4 spectral swamp dragons (Swamp:4)
  2 fire giant simulacra (Depths:1)
  A fire vortex (Vaults:3)
  5 alligator zombies (Swamp:4)
  A stone giant simulacrum (Depths:1)
  A flying skull (Vaults:3)
  3 wraiths
  3 water elementals (Depths:2)
  A steam dragon (D:7)
  19 deep elf magi
  3 shadows
  A hog (shapeshifter) (Vaults:4)
  A basilisk (Lair:2)
  50 yaks
  Grum (D:10)
  4 hippogriffs
  2 hungry ghosts
  16 vampire mosquitoes
  3 wyverns
  3 mottled dragons
  2 golden eyes (shapeshifter)
  27 insubstantial wisps
  4 wargs
  20 deep elf fighters
  27 wolves
  17 porcupines
  36 nagas
  A soldier ant (shapeshifter) (D:15)
  27 water moccasins
  29 swamp worms
  Duvessa (D:7)
  5 swamp drakes
  A water moccasin (shapeshifter) (Depths:2)
  Purgy (Sewer)
  10 wasps
  42 orc warriors
  5 swamp dragon zombies (Swamp:4)
  12 ice beasts
  2 black bears
  An eye of draining (D:13)
  A necrophage (D:9)
  5 human zombies
  7 phantoms
  6 sky beasts
  22 boggarts
  A salamander simulacrum (Vaults:4)
  39 ogres
  3 big kobolds
  20 centaurs
  19 crocodiles
  20 giant frogs
  Dowan (D:7)
  4 human simulacra
  2 water moccasin zombies
  4 scorpions
  20 killer bees
  An electric eel (Lair:3)
  11 wights
  9 crimson imps
  4 lava snakes (Volcano)
  A wyvern simulacrum (D:15)
  A giant frog zombie (D:10)
  31 orc priests
  4 hounds
  4 giant frog skeletons
  3 jellies
  37 orc wizards
  6 centaur skeletons
  5 hell rats (Lair:7)
  2 spectral swamp drakes (Swamp:4)
  7 iguanas
  5 polar bear simulacra (Lair:8)
  9 worker ants
  3 wolf simulacra (Lair:8)
  18 sheep
  A killer bee zombie (D:6)
  A hound skeleton (D:5)
  A hound zombie (D:6)
  A worker ant zombie (D:10)
  11 gnolls
  A swamp drake zombie (Swamp:4)
  18 adders
  89 river rats
  6 shadow imps
  4 giant eyeballs (Depths:2)
  3 adder skeletons
  4 worms
  4 giant geckos
  234 orcs
  3 bat skeletons
  2 bat zombies (D:5)
  15 giant cockroaches
  26 hobgoblins
  17 jackals
  29 kobolds
  7 quokkas
  4 ball pythons
  13 bats
  9 giant newts
  19 goblins
  2 goblin skeletons (D:5)
  3 hobgoblin zombies (D:5)
  2 kobold skeletons (D:5)
  2 orc skeletons (D:5)
  16 rats
  3 river rat simulacra (Lair:8)
  A plant (Lair:3)
2159 creatures vanquished.

Vanquished Creatures (others)
  A tengu reaver (Vaults:4)
  An ironheart preserver (Vaults:5)
  A stone giant (Depths:2)
  A vault guard (Vaults:1)
  4 yaktaur captains
  2 ogre magi
  A naga sharpshooter (Snake:4)
  2 ironbrand convokers (Vaults:1)
  A spriggan druid (Swamp:4)
  A griffon (Vaults:4)
  3 necromancers
  A vault sentinel (Vaults:5)
  A guardian serpent (shapeshifter) (Vaults:1)
  2 naga magi (Snake:4)
  A storm dragon simulacrum (Vaults:4)
  7 yaktaurs
  A tengu conjurer (Depths:1)
  A two-headed ogre (Vaults:1)
  A polar bear (IceCv)
  2 fire giant simulacra
  A deep elf fighter (Elf:1)
  2 yaks (IceCv)
  A wraith (Vaults:1)
  3 wolves (IceCv)
  2 nagas (Snake:4)
  A yaktaur simulacrum (Vaults:1)
  A wasp (Swamp:1)
  A swamp drake (Swamp:2)
  4 ogres
  A phantom (Swamp:4)
  A boggart (Vaults:3)
  An orc skeleton (Vaults:1)
  2 orcs
  A rat (D:4)
  A fungus (Lair:7)
  4 plants
62 creatures vanquished.

Grand Total: 2221 creatures vanquished

Notes
Turn   | Place    | Note
--------------------------------------------------------------
     0 | D:1      | nuthulu the Gargoyle Fighter began the quest for the Orb.
     0 | D:1      | Reached XP level 1. HP: 14/14 MP: 1/1
   342 | D:1      | Reached XP level 2. HP: 19/19 MP: 2/2
   812 | D:2      | Reached skill level 4 in Fighting
   812 | D:2      | Reached XP level 3. HP: 24/24 MP: 3/3
  1042 | D:2      | Reached XP level 4. HP: 20/29 MP: 4/4
  1156 | D:2      | Found an ancient bone altar of Kikubaaqudgha.
  1612 | D:3      | Found a faded altar to an unknown god.
  1674 | D:3      | Reached XP level 5. HP: 33/33 MP: 5/5
  1699 | D:3      | Noticed a phantom
  1803 | D:3      | Killed a phantom
  1803 | D:3      | Reached skill level 5 in Armour
  2060 | D:3      | Found a blossoming altar of Fedhas.
  2114 | D:3      | Reached XP level 6. HP: 34/38 MP: 6/6
  2331 | D:3      | Found a shimmering altar of Xom.
  2332 | D:3      | Found an iron altar of Okawaru.
  2336 | D:3      | Became a worshipper of Warmaster Okawaru
  2930 | D:4      | Found a burning altar of Makhleb.
  3168 | D:4      | Reached skill level 6 in Armour
  3220 | D:4      | Reached skill level 5 in Maces & Flails
  3220 | D:4      | Reached XP level 7. HP: 28/43 MP: 7/7
  3409 | D:4      | Noticed DrClinical's ghost (experienced GrMo)
  3554 | D:4      | Killed DrClinical's ghost
  3554 | D:4      | Acquired Okawaru's first power
  3554 | D:4      | Reached skill level 7 in Armour
  3692 | D:4      | Reached XP level 8. HP: 42/48 MP: 8/8
  3794 | D:4      | Found an opulent altar of Gozag.
  4112 | D:4      | Found Rehe Xitzoty's Weapon Boutique.
  4225 | D:5      | Entered Level 5 of the Dungeon
  4237 | D:5      | Found Maxon's Gadget Shop.
  4371 | D:5      | Found a glowing golden altar of the Shining One.
  4426 | D:5      | Reached skill level 8 in Armour
  4588 | D:5      | Found a shimmering altar of Xom.
  4654 | D:5      | Found Iqugh's Weapon Boutique.
  5132 | D:5      | Found a shattered altar of Ashenzari.
  5450 | D:5      | Found Unezxam's Food Boutique.
  5787 | D:6      | Found a staircase to the Ecumenical Temple.
  5803 | Temple   | Entered the Ecumenical Temple
  5842 | D:6      | Reached skill level 9 in Armour
  5842 | D:6      | Reached XP level 9. HP: 46/52 MP: 9/9
  6092 | D:6      | Found a glowing drain.
  6107 | Sewer    | Entered a sewer
  6149 | Sewer    | Noticed Purgy
  6157 | Sewer    | Killed Purgy
  6615 | D:6      | Noticed HEYYEYAAE's ghost (experienced HuAE)
  6630 | D:6      | Killed HEYYEYAAE's ghost
  6630 | D:6      | Reached skill level 10 in Armour
  7055 | D:7      | Noticed Duvessa
  7065 | D:7      | Noticed Dowan
  7078 | D:7      | Killed Duvessa
  7088 | D:7      | Killed Dowan
  7109 | D:7      | Got a steaming chain mail
  7120 | D:7      | Identified the +10 chain mail "Wote" {rElec} (You found it on level 7 of the Dungeon)
  7193 | D:7      | Reached XP level 10. HP: 56/56 MP: 10/10
  7325 | D:7      | Reached skill level 10 in Maces & Flails
  7325 | D:7      | Reached skill level 11 in Armour
  8274 | D:8      | Noticed Erica
  8315 | D:8      | Killed Erica
  8422 | D:8      | Noticed Gastronok
  8594 | D:8      | Killed Gastronok
  8594 | D:8      | Reached skill level 12 in Armour
  8594 | D:8      | Reached XP level 11. HP: 55/61 MP: 9/11
  8890 | D:8      | Identified a scroll of acquirement
  8893 | D:8      | Got a faintly glowing great mace
  8900 | D:8      | Identified the +9 great mace of Plague {pain, Int+5} (You acquired it on level 8 of the Dungeon)
  8919 | D:8      | Found an opulent altar of Gozag.
  9721 | D:9      | Reached skill level 13 in Armour
 10107 | D:9      | Found a staircase to the Lair.
 10204 | D:10     | Entered Level 10 of the Dungeon
 10319 | D:10     | Noticed a hill giant
 10391 | D:10     | Killed a hill giant
 11339 | D:10     | Noticed Nergalle
 11361 | D:10     | Killed Nergalle
 11393 | D:10     | Found a staircase to the Orcish Mines.
 11417 | D:10     | Acquired Okawaru's second power
 12007 | D:10     | Noticed Grum
 12061 | D:10     | Killed Grum
 12066 | D:10     | Received a gift from Okawaru
 12077 | D:10     | Noticed a hill giant
 12173 | D:10     | Killed a hill giant
 12173 | D:10     | Reached skill level 14 in Armour
 12951 | Lair:1   | Entered Level 1 of the Lair of Beasts
 13096 | Lair:1   | Reached XP level 12. HP: 38/66 MP: 12/12
 13243 | Lair:1   | Noticed a four-headed hydra
 13266 | Lair:1   | Killed a four-headed hydra
 14673 | Lair:2   | Reached skill level 15 in Armour
 15303 | Lair:2   | Reached skill level 5 in Fighting
 15805 | Lair:2   | Noticed an eight-headed hydra
 15826 | Lair:2   | Killed an eight-headed hydra
 17255 | Lair:4   | Received a gift from Okawaru
 17375 | Lair:4   | Noticed Maud
 17397 | Lair:4   | Killed Maud
 17397 | Lair:4   | Reached XP level 13. HP: 61/76 MP: 11/13
 17458 | Lair:4   | Found a frozen archway.
 17525 | IceCv    | Entered an ice cave
 18193 | IceCv    | Reached skill level 15 in Maces & Flails
 18740 | IceCv    | Noticed a frost giant
 18767 | IceCv    | Killed a frost giant
 18767 | IceCv    | Received a gift from Okawaru
 19059 | Lair:4   | Reached skill level 10 in Fighting
 20093 | Lair:5   | Found a staircase to the Swamp.
 20552 | Lair:5   | Received a gift from Okawaru
 20681 | Lair:5   | Reached skill level 16 in Maces & Flails
 20801 | Lair:5   | Gained mutation: Your large and strong wings let you fly indefinitely. [Gargoyle growth]
 20801 | Lair:5   | Reached XP level 14. HP: 90/90 MP: 14/14
 21549 | Lair:6   | Found a staircase to the Snake Pit.
 21720 | Lair:6   | Reached skill level 5 in Shields
 24231 | Lair:8   | Entered Level 8 of the Lair of Beasts
 24243 | Lair:7   | Received a gift from Okawaru
 24680 | Lair:8   | Got a thick robe
 24691 | Lair:8   | Identified the +2 robe of Are Joip {rN+ Str+3 SInv} (You found it on level 8 of the Lair of Beasts)
 24976 | Lair:8   | Found a runed door.
 24977 | Lair:8   | Found a viscous altar of Jiyva.
 24980 | Lair:8   | Found a staircase to the Slime Pits.
 25823 | Lair:8   | Received a gift from Okawaru
 25956 | Lair:8   | Reached XP level 15. HP: 99/99 MP: 15/15
 26205 | Lair:8   | Reached skill level 10 in Shields
 27216 | Orc:1    | Entered Level 1 of the Orcish Mines
 27230 | Orc:1    | Found a roughly hewn altar of Beogh.
 27467 | Orc:1    | Found a dark tunnel.
 27479 | Volcano  | Entered a volcano
 27824 | Volcano  | Found a burning altar of Makhleb.
 29031 | Orc:3    | Found a staircase to the Elven Halls.
 29300 | Orc:4    | Entered Level 4 of the Orcish Mines
 29300 | Orc:4    | Found Diesch's Assorted Antiques.
 29347 | Orc:4    | Bought a scroll of teleportation for 69 gold pieces
 29652 | Orc:4    | Found Lushautz's Magic Scroll Boutique.
 29835 | Orc:4    | Found Ijakk's Magic Scroll Shop.
 29891 | Orc:4    | Bought a scroll of enchant armour for 120 gold pieces
 29891 | Orc:4    | Bought a scroll of teleportation for 48 gold pieces
 29894 | Orc:4    | Bought a scroll of enchant armour for 127 gold pieces
 29894 | Orc:4    | Bought a scroll of enchant weapon for 127 gold pieces
 29894 | Orc:4    | Bought a scroll of enchant armour for 127 gold pieces
 29945 | Orc:4    | Paralysed by an orc sorcerer for 7 turns
 30771 | Orc:4    | Received a gift from Okawaru
 30869 | Orc:4    | Reached skill level 15 in Fighting
 31283 | Orc:4    | Found Isuth's Book Shoppe.
 31283 | Orc:4    | Found Wiolounk's Antique Armour Emporium.
 31284 | Orc:4    | Found a one-way gate leading to the halls of Pandemonium.
 31368 | Orc:4    | Bought a scroll of identify for 34 gold pieces
 31368 | Orc:4    | Bought a scroll of magic mapping for 59 gold pieces
 31368 | Orc:4    | Bought a scroll of identify for 34 gold pieces
 31368 | Orc:4    | Bought a scroll of identify for 34 gold pieces
 31368 | Orc:4    | Bought a scroll of magic mapping for 59 gold pieces
 31370 | Orc:4    | Bought a scroll of identify for 32 gold pieces
 31370 | Orc:4    | Bought a scroll of identify for 32 gold pieces
 31370 | Orc:4    | Bought a scroll of identify for 32 gold pieces
 31370 | Orc:4    | Bought a scroll of identify for 32 gold pieces
 31567 | D:11     | Found a portal to a secret trove of treasure.
 32288 | D:11     | Noticed Harold
 32302 | D:11     | Killed Harold
 32302 | D:11     | Reached XP level 16. HP: 108/108 MP: 16/16
 32917 | D:12     | Noticed Erolcha
 32925 | D:12     | Killed Erolcha
 33060 | D:12     | Received a gift from Okawaru
 33137 | D:12     | Found Ciufol's Magic Scroll Emporium.
 33150 | D:12     | Bought 3 scrolls of fog for 78 gold pieces
 33150 | D:12     | Bought a scroll of teleportation for 39 gold pieces
 33150 | D:12     | Bought a scroll of identify for 26 gold pieces
 33150 | D:12     | Bought 3 scrolls of identify for 78 gold pieces
 33150 | D:12     | Bought a scroll of identify for 26 gold pieces
 33150 | D:12     | Bought a scroll of teleportation for 39 gold pieces
 33606 | D:13     | Noticed Rupert
 33632 | D:13     | Killed Rupert
 33942 | D:13     | Found a gate to the Vaults.
 33947 | D:13     | Reached skill level 1 in Dodging
 34554 | D:14     | Received a gift from Okawaru
 34565 | D:14     | Got a brightly glowing cloak {god gift}
 34571 | D:14     | Identified the +5 cloak "Deatsair" {rPois rC++} (Okawaru gifted it to you on level 14 of the Dungeon)
 34633 | D:14     | Gained mutation: You are partially covered in large bone plates (AC +2, SH +2). [potion of beneficial mutation]
 34866 | D:14     | Found Pued's Jewellery Emporium.
 35136 | D:14     | Paralysed by a wizard for 4 turns
 35269 | D:14     | Identified the Almanac of Destructive Ice (You found it on level 14 of the Dungeon)
 35372 | D:15     | Entered Level 15 of the Dungeon
 35450 | D:15     | Noticed Sonja
 35482 | D:15     | Killed Sonja
 35674 | D:15     | Noticed Roxanne
 35729 | D:15     | Killed Roxanne
 36158 | D:15     | Found a staircase to the Depths.
 37012 | Snake:1  | Entered Level 1 of the Snake Pit
 37239 | Snake:1  | Reached skill level 5 in Dodging
 37839 | Snake:1  | Noticed Aizul
 37849 | Snake:1  | Reached XP level 17. HP: 101/115 MP: 17/17
 37866 | Snake:1  | Killed Aizul
 38134 | Snake:1  | Received a gift from Okawaru
 38225 | Snake:1  | Reached skill level 15 in Shields
 39004 | Snake:2  | Noticed Vashnia
 39325 | Snake:2  | Killed Vashnia
 39490 | Snake:2  | Received a gift from Okawaru
 40105 | Snake:3  | Found a shimmering altar of Xom.
 41017 | Snake:3  | Received a gift from Okawaru
 41611 | Swamp:1  | Entered Level 1 of the Swamp
 41628 | Swamp:1  | Reached XP level 18. HP: 120/120 MP: 18/18
 41747 | Swamp:1  | Reached skill level 10 in Dodging
 43966 | Swamp:4  | Entered Level 4 of the Swamp
 44077 | Swamp:4  | Noticed Donald
 44094 | Swamp:4  | Killed Donald
 44414 | Swamp:4  | Noticed a bone dragon
 44433 | Swamp:4  | Killed a bone dragon
 44433 | Swamp:4  | Received a gift from Okawaru
 44632 | Swamp:4  | Got a decaying rune of Zot
 45824 | Snake:4  | Entered Level 4 of the Snake Pit
 45833 | Snake:4  | Received a gift from Okawaru
 46011 | Snake:4  | Reached XP level 19. HP: 122/125 MP: 19/19
 47996 | Snake:4  | Got a serpentine rune of Zot
 48009 | Snake:4  | Reached skill level 15 in Dodging
 48272 | Snake:4  | Received a gift from Okawaru
 48939 | Vaults:1 | Entered Level 1 of the Vaults
 49674 | Vaults:1 | Reached skill level 17 in Fighting
 49898 | Vaults:1 | Got a pair of shimmering boots
 49910 | Vaults:1 | Identified the +0 pair of boots "Halit" {rPois} (You acquired it on level 1 of the Vaults)
 49977 | Vaults:1 | Reached XP level 20. HP: 130/134 MP: 20/20
 50261 | Vaults:1 | Received a gift from Okawaru
 50811 | Vaults:1 | Reached skill level 18 in Fighting
 51935 | Vaults:2 | Reached skill level 19 in Fighting
 52744 | Vaults:2 | Found Juxuoxinn's General Store.
 52752 | Vaults:2 | Bought a bread ration for 85 gold pieces
 52752 | Vaults:2 | Bought a bread ration for 85 gold pieces
 52752 | Vaults:2 | Bought a scroll of identify for 34 gold pieces
 52752 | Vaults:2 | Bought a meat ration for 85 gold pieces
 53023 | Vaults:3 | Received a gift from Okawaru
 53485 | Vaults:3 | Got a crude iron amulet
 53487 | Vaults:3 | Identified the amulet of Qippumis {Inacc MR+ Str+3} (You found it on level 3 of the Vaults)
 53545 | Vaults:3 | Found a staircase to the Crypt.
 53679 | Vaults:3 | Reached skill level 20 in Fighting
 53946 | Vaults:3 | Received a gift from Okawaru
 54303 | Vaults:3 | Noticed Jorgrun
 54315 | Vaults:3 | Killed Jorgrun
 54315 | Vaults:3 | Reached XP level 21. HP: 146/146 MP: 18/21
 55067 | Vaults:4 | Found Opothyni's Weapon Emporium.
 55916 | Vaults:4 | Received a gift from Okawaru
 56183 | Vaults:4 | Noticed Jory
 56192 | Vaults:4 | Noticed Sojobo
 56207 | Vaults:4 | Killed Jory
 56703 | Vaults:4 | Killed Sojobo
 56969 | Vaults:5 | Entered Level 5 of the Vaults
 57351 | Elf:1    | Entered Level 1 of the Elven Halls
 57503 | Elf:1    | Noticed Agnes
 57526 | Elf:1    | Killed Agnes
 58478 | Elf:2    | Found a shimmering altar of Xom.
 58647 | Elf:2    | Found a huge runed gate.
 58647 | Elf:2    | Found a huge runed gate.
 58648 | Elf:2    | Found a huge runed gate.
 59601 | Elf:3    | Entered Level 3 of the Elven Halls
 60074 | Depths:1 | Entered Level 1 of the Depths
 60171 | Depths:1 | Found a huge runed gate.
 60175 | Depths:1 | Found a huge runed gate.
 60175 | Depths:1 | Found a huge runed gate.
 60184 | Depths:1 | Found a huge runed gate.
 60185 | Depths:1 | Found a huge runed gate.
 60186 | Depths:1 | Found a huge runed gate.
 60233 | Depths:1 | Reached XP level 22. HP: 117/152 MP: 19/22
 60651 | Depths:1 | Received a gift from Okawaru
 60679 | Depths:1 | Got a translucent dire flail
 60680 | Depths:1 | Identified the +3 dire flail "Kiesex" {crush, rN++} (You found it on level 1 of the Depths)
 60895 | Depths:1 | Noticed Nikola
 60914 | Depths:1 | Killed Nikola
 61079 | Depths:1 | Found a gateway to Hell.
 61977 | Depths:2 | Got a coiled amber ring
 61978 | Depths:2 | Identified the ring of Gamack {rN+ Dex+3} (You found it on level 2 of the Depths)
 61995 | Depths:2 | Found Waxt's Weapon Shop.
 62162 | Depths:2 | Paralysed by a giant eyeball for 4 turns
 62170 | Depths:2 | Paralysed by a giant eyeball for 2 turns
 62348 | Depths:2 | Noticed Saint Roka
 62486 | Depths:2 | Paralysed by a giant eyeball for 3 turns
 62494 | Depths:2 | Paralysed by a giant eyeball for 2 turns
 62819 | Depths:2 | Received a gift from Okawaru
 63287 | Depths:2 | Reached skill level 21 in Armour
 63380 | Depths:2 | Got a heavily runed pewter ring
 63381 | Depths:2 | Identified the ring "Qaloech" {+Inv Int+4} (You found it on level 2 of the Depths)
 63605 | Depths:2 | Killed Saint Roka
 63605 | Depths:2 | Reached XP level 23. HP: 156/156 MP: 16/23
 63797 | Depths:2 | Got a bound iron ring
 63798 | Depths:2 | Identified the cursed ring of Heresy {rElec rF+ AC-5 Stlth+} (You found it on level 2 of the Depths)
 63872 | Depths:2 | Found a one-way gate to the infinite horrors of the Abyss.
 63927 | Depths:2 | Found Kalod's Book Shop.
 64085 | Depths:2 | Got a heavily runed ivory ring
 64086 | Depths:2 | Identified the ring of Cynoal {rF+ MP+9 Dex+3} (You took it off a vampire knight on level 2 of the Depths)
 64838 | Vaults:5 | Reached skill level 22 in Armour
 65029 | Vaults:5 | Received a gift from Okawaru
 65106 | Vaults:5 | HP: 7/156 [stone giant (20)]
 65421 | Vaults:5 | Reached skill level 23 in Armour
 65501 | Vaults:5 | Demolished by an ettin

Vault maps used:
D:1:      lightli_arrival_maybe_door_vault
D:2:      kiku_gazebo_pond_becter, kennysheep_generic_room_16
D:3:      fedhas_altar_2, minitemple, ecumenical_altar_1
D:4:      lemuel_doored_altar, makhleb_blood_cavern_becter, serial_shops,
          nicolae_shop_behind_doors
D:5:      ashenzari_altar_1, nicolae_tso_besieged_by_evil, serial_shops, shop,
          nicolae_shop_statue_plus, shop, first_bread, xom_teletrap_fun
D:6:      minmay_temple_entry_large_hall, portal_sewer_entry_e
D:7:      uniq_duvessa
D:8:      minmay_weird_star, grunt_gozag_statues, uniq_gastronok, uniq_erica
D:9:      lair_0_dummy
D:10:     hiddenorc2_lemuel, uniq_nergalle, uniq_grum
D:11:     enter_trove_6, grunt_tengu_nest, serial_bayou_ford_a, uniq_harold
D:12:     cheibrodos_stairvault_heist, serial_shops, nicolae_shop_crystal,
          uniq_erolcha
D:13:     david_vaults_5, uniq_rupert
D:14:     minmay_smoke_and_mirrors, infiniplex_staircase_pillars_2,
          serial_shops, nicolae_shop_statue_plus, lightli_minifort
D:15:     grunt_enter_depths_snipers, serial_park_square1, uniq_sonja,
          uniq_roxanne
Temple:   triangle_lava_temple_11
Lair:2:   grunt_megastairs_2
Lair:3:   serial_bayou_pond_c, columned_hall_lemuel, st_stairs_11
Lair:4:   portal_ice_cave_entry_ice_beasts, infiniplex_staircase_pool, uniq_maud
Lair:5:   minmay_swamp_entry_worms, st_stairs_12
Lair:6:   minmay_snake_entry_guardpost_medium
Lair:7:   grunt_megastairs_3, serial_bayou_shore_b
Lair:8:   grunt_lair_end_beastmaster, slime_altar_2, eino_house_with_fridge,
          serial_bayou_shore_a
Swamp:1:  evilmike_swamp_ruin_house_5
Swamp:2:  evilmike_swamp_ruin_house_4
Swamp:3:  evilmike_swamp_ruin_house_2, infiniplex_staircase_pool_2
Swamp:4:  swamp_pestilence, swamp_pool1, nicolae_swamp_treefoil,
          nicolae_swamp_baby_hydras, uniq_donald
Snake:1:  dpeg_stationary_puzzle, uniq_aizul
Snake:2:  spider_trap, uniq_vashnia
Snake:3:  basic_altar
Snake:4:  snake_pit
Orc:1:    basic_altar, nicolae_volcano_entry_lava_flow
Orc:3:    nicolae_orc_pool_cavern
Orc:4:    pf_orc_diabolical, serial_shops, shop
Elf:1:    minivault_28, minivault_23, uniq_agnes
Elf:2:    basic_altar, serial_sigils_hangedman_etch, nicolae_elf_v_pinch
Elf:3:    minmay_elf_hall_hex
Vaults:1: nicolae_vaults_minivaults, vaults_mumra_chevron_long,
          ontoclasm_vaults_misaligned, ontoclasm_vaults_ring_large,
          hangedman_vaults_corner_blocks, v_misc_19, v_alt_pattern_4, v_misc_27,
          vaults_room_semicircle, nicolae_vaults_little_squares_1,
          nicolae_vaults_theta, vaults_room_fours
Vaults:2: hangedman_vaults_nails, vaults_room_fancy_cross,
          hangedman_vaults_capsules, hangedman_vaults_unwind,
          nicolae_vaults_little_squares_3, ontoclasm_vaults_twist,
          st_hourglassy, nicolae_vaults_what_the_h, v_misc_27,
          hangedman_vaults_variations, ontoclasm_vaults_loading_screen,
          serial_shops, nicolae_shop_crystal
Vaults:3: v_misc_32, grunt_vaults_focal, hangedman_vaults_hat,
          hangedman_vaults_snaps, vaults_dpeg_hooks,
          nicolae_vaults_sealed_display, minmay_crypt_entry_simple_walls,
          nicolae_vaults_mini_display_case, uniq_jorgrun
Vaults:4: ontoclasm_vaults_chip, vaults_standard_mumra_enter_the_diamond,
          v_misc_12, hangedman_vaults_stream, v_misc_28, vaults_room_fours,
          vaults_room_semicircle, vaults_dpeg_spiral, vaults_room_door_ring,
          serial_shops, shop, uniq_sojobo, uniq_jory
Depths:1: grunt_bruiser_brothers, pf_coc_iceberg, dk_noncrumbling_4,
          spider_trap, door_vault, uniq_nikola
Depths:2: hangedman_spin_cycle, abyss_entry, serial_shops, hell_entry
Sewer:    sewer_co_purgy_island
IceCv:    ice_cave_caverns_03
Volcano:  volcano_lake

Action                   |  1- 3 |  4- 6 |  7- 9 | 10-12 | 13-15 | 16-18 | 19-21 | 22-24 || total
-------------------------+-------+-------+-------+-------+-------+-------+-------+-------++-------
Melee: Flail             |   128 |   313 |   706 |  1230 |       |       |       |       ||  2377
       Great mace        |       |       |       |    37 |       |       |       |       ||    37
       Morningstar       |       |       |       |   226 |  1156 |       |       |       ||  1382
       Eveningstar       |       |       |       |       |  1166 |  2017 |  2401 |  1239 ||  6823
       Demon whip        |       |       |       |       |       |     5 |       |       ||     5
 Fire: Blowgun           |       |       |       |    10 |       |       |       |       ||    10
Invok: Heroism           |       |       |     3 |    10 |     6 |     8 |     9 |    14 ||    50
       Finesse           |       |       |       |       |     2 |       |     1 |     1 ||     4
 Abil: Fly               |       |       |       |       |     1 |       |     1 |       ||     2
       Stop Flying       |       |       |       |       |       |       |     1 |     1 ||     2
  Use: Scroll            |     7 |     2 |     7 |    10 |    14 |    13 |     6 |    28 ||    87
       Potion            |       |       |     4 |     7 |     2 |     1 |     1 |    20 ||    35
 Stab: Petrified         |       |       |       |       |     1 |       |       |       ||     1
  Eat: Chunk             |     1 |    13 |    12 |    27 |    27 |     1 |     1 |       ||    82
       Pizza             |       |       |       |     3 |       |     2 |     1 |       ||     6
       Beef jerky        |       |       |       |     3 |     2 |     2 |       |       ||     7
       Fruit             |       |       |       |     2 |     5 |     5 |     2 |     1 ||    15
       Royal jelly       |       |       |       |       |     3 |     4 |     2 |     1 ||    10
       Bread ration      |       |       |       |       |     2 |     2 |     5 |     2 ||    11
       Meat ration       |       |       |       |       |     1 |     3 |     3 |     2 ||     9
